 Dungeon Crawl Stone Soup version 0.29.1-15-g9cfb28693d (webtiles) character file.

Game seed: 340021535249043701

7216 croobank the Sneak (level 10, -12/71 HPs)
             Began as a Demonspawn Fire Elementalist on Mar 23, 2023.
             Was a Follower of Hepliaklqana.
             Engulfed by a cloud of flame (22 damage)
             ... on level 8 of the Dungeon.
             The game lasted 00:32:32 (11881 turns).

croobank the Sneak (Demonspawn Fire Elementalist)  Turns: 11881, Time: 00:32:33

Health: -12/71     AC:  8    Str: 15    XL:     10   Next: 87%
Magic:  5/19       EV: 14    Int: 20    God:    Hepliaklqana [*.....]
Gold:   357        SH:  0    Dex: 14    Spells: 11/21 levels left

rFire   . . .      SeeInvis +   R - +2 short sword (venom)
rCold   + . .      Faith    .   (no shield)
rNeg    . . .      Spirit   .   E - +2 robe {rC+}
rPois   .          Reflect  .   (helmet restricted)
rElec   .          Harm     .   (cloak unavailable)
rCorr   .          Rampage  .   J - +0 pair of gloves
Will    .....                   (no boots)
Stlth   ++........              (no amulet)
HPRegen 0.21/turn               f - +6 ring of strength
MPRegen 0.16/turn               x - ring of see invisible

@: about to teleport, very slow
A: reduced essence, rugged brown scales 3, foul stench 1, condensation shield,
weakness stinger 3, antennae 1, deterioration 1
a: Renounce Religion, Recall Ancestor, Ancestor Identity


You were on level 8 of the Dungeon.
You worshipped Hepliaklqana.
Hepliaklqana was aware of your devotion.
You visited 2 branches of the dungeon, and saw 9 of its levels.

You collected 555 gold pieces.
You spent 198 gold pieces at shops.

Inventory:

Hand Weapons
 a - a +1 dagger
 l - a +0 whip of freezing
 u - a +2 dagger of freezing
 B - a +0 war axe
 D - a +0 long sword
 G - a +2 scimitar
 N - a +3 vorpal hand axe
 R - a +2 short sword of venom (weapon)
 S - a +3 glaive
 T - a +3 vorpal spear
Missiles
 k - 6 atropa-tipped darts
 q - 5 javelins
 t - 2 curare-tipped darts
 z - 5 boomerangs
 L - 17 boomerangs of dispersal (quivered)
 Q - 3 silver boomerangs
Armour
 i - a +0 robe
 v - a +0 cloak
 w - a +0 ring mail
 E - a +2 robe of cold resistance (worn)
 J - a +0 pair of gloves (worn)
Jewellery
 f - a +6 ring of strength (left hand)
 x - a ring of see invisible (right hand)
Wands
 m - a wand of flame (16)
 r - a wand of roots (6)
 y - a wand of quicksilver (2)
Scrolls
 c - 3 scrolls of vulnerability {unknown}
 d - a scroll of enchant weapon
 h - 5 scrolls of identify
 n - a scroll of butterflies
 o - a scroll of amnesia
 s - 3 scrolls of teleportation
 H - a scroll of enchant armour {unknown}
 I - a scroll of fear {unknown}
 M - 2 scrolls of immolation {unknown}
Potions
 g - 2 potions of brilliance
 p - a potion of attraction
 C - a potion of berserk rage
 O - a potion of might
 P - a potion of magic
Miscellaneous
 A - a piece from Xom's chessboard (15/15)


   Skills:
 + Level 5.0 Fighting
 + Level 6.0 Dodging
 + Level 6.5 Stealth
 + Level 6.0 Spellcasting
 + Level 6.2 Conjurations
 + Level 6.3 Fire Magic
 + Level 3.6 Air Magic
 + Level 3.9 Poison Magic
 * Level 6.1 Invocations


You had 11 spell levels left.
You knew the following spells:

 Your Spells              Type           Power      Damage    Failure   Level
a - Foxfire               Conj/Fire      100%       2x1d9     1%          1
b - Scorch                Fire           62%        2d8       1%          2
c - Flame Wave            Conj/Fire      31%        2d9       8%          4
d - Mephitic Cloud        Conj/Pois/Air  24%        N/A       4%          3

Your spell library contained the following spells:

 Spells                   Type           Power      Damage    Failure   Level
 Magic Dart               Conj           100%       1d8       1%          1
 Conjure Flame            Conj/Fire      31%        6-21      2%          3
 Inner Flame              Hex/Fire       18%        N/A       9%          3
 Apportation              Tloc           12%        N/A       11%         1
 Call Imp                 Summ           6%         N/A       16%         2
 Call Canine Familiar     Summ           6%         N/A       30%         3
 Portal Projectile        Hex/Tloc       12%        N/A       30%         3
 Animate Dead             Necr           6%         N/A       71%         4
 Leda's Liquefaction      Hex/Erth       3%         N/A       71%         4
 Alistair's Intoxication  Tmut/Pois      8%         N/A       78%         5
 Haunt                    Necr/Summ      3%         N/A       100%        7
 Infestation              Necr           3%         N/A       100%        8


Dungeon Overview and Level Annotations

Branches:
Dungeon (8/15)             Temple (1/1) D:4
   Lair: D:8-11

Altars:
Ashenzari
Cheibriados
Dithmenos
Gozag
Hepliaklqana
Kikubaaqudgha
Nemelex Xobeh
Okawaru
Qazlal
Ru
Sif Muna
Trog
Uskayaw
Vehumet
Wu Jian
Xom
Yredelemnul

Shops:
D:5 :   D:8 *


Innate Abilities, Weirdness & Mutations

Your life essence is reduced to manifest your ancestor. (-10% HP)
You are completely covered in rugged brown scales. (AC +3, +7% HP)
You may rarely emit foul miasma when damaged in melee.
A meltable shield of frost defends you. (SH +0)
You have a sharp stinger which inflicts weakening toxins.
You have a pair of small antennae on your head.
Your body sometimes deteriorates upon taking damage.


Message History

The bullfrog closely misses you.
Okay, then.
There are monsters nearby!
Unknown command.
Okay, then.
Your unstable footing causes you to fumble your attack.
The plant is engulfed in blazing flames.
The plant begins to die.
The plant is engulfed in blazing flames.
The bullfrog is engulfed in a cloud of scalding steam.
The bullfrog closely misses you.
The steam dragon is engulfed in blazing flames.
The steam dragon bites you! The steam dragon closely misses you.
The bullfrog is engulfed in a cloud of scalding steam.
You kill the bullfrog!
The forest fire spreads!
As you read the scroll of teleportation, it crumbles to dust.
You feel strangely unstable.
You are engulfed in blazing flames.
The plant is engulfed in blazing flames. x2
The steam dragon breathes steam at you. The ball of steam hits you!
* * * LOW HITPOINT WARNING * * *
You hear an angry hiss.
Casting: Flame Wave (dangerous; 8% risk of failure)
Confirm with . or Enter, or press ? or * to list all spells.
Okay, then.
Okay, then.
It was a potion of mutation.
You feel extremely strange.
You feel yourself wasting away. A pair of antennae grows on your head!
You are engulfed in blazing flames.
* * * LOW HITPOINT WARNING * * *
The plant is engulfed in blazing flames. x2
A nearby plant withers and dies.
The steam dragon barely misses you.
The steam dragon claws you but does no damage.
The steam dragon is engulfed in blazing flames.
The steam dragon breathes steam at you. The ball of steam hits you.
* * * LOW HITPOINT WARNING * * *
You feel better.
You are engulfed in blazing flames.
You die...

.....#.# ♣♣.♣♣ ♣...#♣ .....#.#
#♣.♣R♣#♣♣♣♣.#♣ .....#.# #♣
#.♣♣♣.#.R...#. .....#.# #~♣♣♣
#♣.♣.♣#.♣♣♣♣#♣ #...##.# ♣~P♣
♣♣.♣♣#...R.#♣ #......##.
#♣P§♣♣##♣'♣##♣♣♣♣.#♣
#......##)$:##§§§§§#..<..#.....#.
#......#$)⌠)$T§D§~.'..8..'.♣♣♣...
##'#...##...##§D@§§#..>..#.....#.
.......## #§§§§§##♣'♣##♣♣♣♣.#♣
.......# #°§§§§# ♣.♣ #.....#♣
._.♣.(.# #°§♣♣♣#♣♣.♣♣#.♣♣♣♣#♣
.......# #♣~ #..♣..#.R...#.
'.(....# ♣P #♣♣.♣♣#♣♣♣♣.#♣
#......# ♣♣ ♣.♣ ♣...#♣ ....#..##
#######♣.♣######## ....##..#
#.♣.♣.♣♣.♣♣.♣.♣.#


You could see a troll and 2 steam dragons.

Vanquished Creatures
  2 two-headed ogres (D:8)
  A tengu warrior (D:8)
  Pikel (D:4)
  A kobold demonologist (D:7)
  A shadow (D:8)
  A spriggan (shapeshifter) (D:7)
  A wraith (D:8)
  A steam dragon (D:8)
  2 water moccasins
  2 ice beasts
  2 orc warriors (D:8)
  A sky beast (D:8)
  An ogre (D:4)
  A phantom (D:5)
  6 centaurs
  A lemure (D:3)
  8 kobold brigands
  6 bullfrogs
  A gnoll sergeant (D:8)
  2 necrophages
  8 wights
  9 killer bees (D:8)
  A howler monkey (D:4)
  4 hounds
  2 orc priests
  3 jellies
  Jessica (D:2)
  Terence (D:2)
  5 iguanas
  5 orc wizards
  Robin (D:3)
  11 gnolls
  13 adders
  A shadow imp (D:8)
  3 white imps
  2 ufetubi
  2 worms (D:2)
  A dart slug (D:1)
  18 orcs
  3 bats
  5 endoplasms
  2 giant cockroaches
  13 goblins
  8 hobgoblins
  2 quokkas
  9 ball pythons
  2 frilled lizards
  10 kobolds
  4 rats
191 creatures vanquished.

Vanquished Creatures (others)
  An ancestor (D:8)
  A goblin (D:3)
  384 foxfires
  2 plants (D:8)
388 creatures vanquished.

Grand Total: 579 creatures vanquished

Notes
Turn   | Place    | Note
-------+----------+-------------------------------------------
     0 | D:1      | croobank the Demonspawn Fire Elementalist began the quest
                  | for the Orb.
     0 | D:1      | Reached XP level 1. HP: 13/13 MP: 3/3
   383 | D:1      | Gained mutation: You are partially covered in rugged brown
                  | scales. (AC +1, +3% HP) [demonic ancestry]
   383 | D:1      | Reached XP level 2. HP: 13/19 MP: 0/5
   480 | D:1      | Learned a level 2 spell: Scorch
  1187 | D:2      | Found an iron altar of Okawaru.
  1407 | D:2      | Found a faded altar of an unknown god.
  1476 | D:2      | Noticed Jessica
  1482 | D:2      | Killed Jessica
  1483 | D:2      | Gained mutation: You may rarely emit foul miasma when
                  | damaged in melee. [demonic ancestry]
  1483 | D:2      | Reached XP level 3. HP: 18/24 MP: 1/6
  1626 | D:2      | Gained mutation: You are mostly covered in rugged brown
                  | scales. (AC +2, +5% HP) [demonic ancestry]
  1626 | D:2      | Reached XP level 4. HP: 24/31 MP: 2/7
  1714 | D:2      | Noticed Terence
  2518 | D:2      | Killed Terence
  2724 | D:3      | Gained mutation: You have a small tail. [demonic ancestry]
  2724 | D:3      | Reached XP level 5. HP: 36/36 MP: 1/9
  3492 | D:3      | Noticed Robin
  3503 | D:3      | Killed Robin
  4427 | D:4      | Noticed a water moccasin
  4429 | D:4      | Noticed a centaur
  4433 | D:4      | Killed a water moccasin
  4434 | D:4      | Gained mutation: You have a tail ending in a sharp stinger.
                  | [demonic ancestry]
  4434 | D:4      | Reached XP level 6. HP: 15/43 MP: 7/10
  4899 | D:4      | Learned a level 4 spell: Flame Wave
  4904 | D:4      | Noticed Pikel
  5373 | D:4      | Gained mutation: You are completely covered in rugged brown
                  | scales. (AC +3, +7% HP) [demonic ancestry]
  5373 | D:4      | Reached XP level 7. HP: 11/49 MP: 5/12
  5384 | D:4      | HP: 2/73 [Pikel/+0 whip of freezing (4)]
  5389 | D:4      | Killed Pikel
  5390 | D:4      | Reached skill level 1 in Fighting
  5703 | D:4      | Reached XP level 8. HP: 59/59 MP: 8/14
  6021 | D:4      | Found a staircase to the Ecumenical Temple.
  6030 | Temple   | Entered the Ecumenical Temple
  6183 | D:5      | Entered Level 5 of the Dungeon
  6608 | D:5      | Found Uvetos's Book Shop.
  6659 | D:5      | Bought a book of Minor Magic for 198 gold pieces
  6663 | D:5      | Learned a level 3 spell: Mephitic Cloud
  6680 | D:5      | Reached skill level 5 in Fire Magic
  6752 | D:5      | Found a broken altar of Ashenzari.
  7219 | D:7      | Reached skill level 1 in Poison Magic
  7306 | D:6      | Reached skill level 5 in Stealth
  7306 | D:6      | Reached skill level 1 in Air Magic
  7627 | D:6      | Gained mutation: You have a sharp stinger which inflicts
                  | weakening toxins. [demonic ancestry]
  7627 | D:6      | Reached XP level 9. HP: 20/61 MP: 8/16
  8066 | D:6      | Reached skill level 5 in Spellcasting
  8296 | D:7      | Reached skill level 5 in Conjurations
  8493 | D:7      | Reached skill level 5 in Dodging
  8598 | D:7      | Found a shadowy altar of Dithmenos.
  8996 | D:7      | Found a hazy altar of Hepliaklqana.
  8997 | D:7      | Found a shimmering altar of Xom.
  8998 | D:7      | Noticed a spectral ugly thing
  8998 | D:7      | Noticed a hell beast
  9001 | D:7      | Became a worshipper of Hepliaklqana the Forgotten
  9306 | D:8      | Reached skill level 1 in Invocations
  9897 | D:8      | Noticed a two-headed ogre
  9913 | D:8      | Reached * piety under Hepliaklqana
  9917 | D:8      | Killed a two-headed ogre
  9918 | D:8      | Gained mutation: A meltable shield of frost defends you.
                  | (SH +0) [demonic ancestry]
  9918 | D:8      | Reached XP level 10. HP: 17/69 MP: 7/18
 10242 | D:8      | Noticed a tengu warrior
 10403 | D:8      | Found an iron altar of Okawaru.
 10426 | D:8      | Noticed a sixfirhy
 10659 | D:7      | Noticed a sun demon
 11024 | D:8      | Killed a tengu warrior
 11025 | D:8      | Reached skill level 5 in Invocations
 11484 | D:8      | Found Rilecec's General Store.
 11498 | D:8      | Found a sparkling altar of Nemelex Xobeh.
 11498 | D:8      | Found a hide-covered altar of Uskayaw.
 11509 | D:8      | Found an ancient bone altar of Kikubaaqudgha.
 11509 | D:8      | Found a bloodstained altar of Trog.
 11865 | D:8      | Noticed a two-headed ogre
 11876 | D:8      | Killed a two-headed ogre
 11877 | D:8      | Reached skill level 5 in Fighting
 11880 | D:8      | Gained mutation: Your body sometimes deteriorates upon
                  | taking damage. [potion of mutation]
 11880 | D:8      | Gained mutation: You have a pair of small antennae on your
                  | head. [potion of mutation]
 11880 | D:8      | HP: 3/71 [steam dragon/ball of steam (4)]
 11881 | D:8      | Engulfed by a cloud of flame

Illustrated notes

Levels and vault maps discovered:
D:1:      sevenhm_arrival_forest_fort_small_5, layout_basic
D:2:      cheibrodos_helix_gallery, layout_basic, basic_altar,
          hellmonk_ecumenical_altar_zigzags, minmay_misc_feat_five,
          serial_bayou_pond_d, minmay_indecisive_spiral, uniq_terence,
          uniq_jessica
D:3:      layout_basic, uniq_robin
D:4:      layout_loops_corners, minmay_temple_entry_statues_fountains,
          minmay_small_thing, uniq_pikel
D:5:      layout_rooms, lemuel_doored_altar, serial_shops, shop,
          mumra_transporter_accident
D:6:      layout_gridville, minmay_unpleasant_kobolds
D:7:      layout_basic, regret_index_temple_of_mockery, lemuel_tele_altar,
          nicolae_ossuary_entry_plus
D:8:      nzn_winding_woodlands_stair_cross [nzn_winding_woodlands_5x15_pool,
          nzn_winding_woodlands_center_triple_pond,
          nzn_winding_woodlands_5x15_sidewinder,
          nzn_winding_woodlands_5x5_closed_star,
          nzn_winding_woodlands_5x5_cross,
          nzn_winding_woodlands_5x15_lazy_stream,
          nzn_winding_woodlands_center_pierced_h,
          nzn_winding_woodlands_5x15_split_checker], layout_basic,
          grunt_temple_overflow_open, mainiacjoe_overflow_tiny_flanked,
          serial_shops, nicolae_shop_behind_doors
Temple:   hellmonk_temple_micro_hex

Skill      XL: |  1  2  3  4  5  6  7  8  9 10 |
---------------+-------------------------------+-----
Stealth        | 2 3 4 5 6 |  6.5
Dodging        | 2 3 4 5 6 |  6.0
Fire Magic     | 3 4 5 6 |  6.3
Conjurations   | 2 3 4 5 6 |  6.2
Spellcasting   | 3 4 5 6 |  6.0
Fighting       | 2 3 4 5 |  5.0
Poison Magic   | 1 2 3 |  3.9
Air Magic      | 1 2 3 |  3.6
Invocations    | 3 6 |  6.1

Action                   |  1- 3 |  4- 6 |  7- 9 | 10-12 || total
-------------------------+-------+-------+-------+-------++-------
Melee: Unarmed           |     3 |       |       |       ||     3
       Dagger            |     4 |    34 |    55 |     3 ||    96
       Tailslap          |       |     2 |     9 |     2 ||    13
       Punch             |       |     1 |     3 |     1 ||     5
       Short sword       |       |       |       |    14 ||    14
Throw: Dart              |     1 |       |       |       ||     1
       Boomerang         |       |       |     1 |       ||     1
 Cast: Foxfire           |    30 |    49 |    85 |    64 ||   228
       Scorch            |    10 |    55 |    98 |    44 ||   207
       Flame Wave        |       |       |     1 |     3 ||     4
Evoke: Wand              |       |     2 |     6 |     1 ||     9
  Use: Scroll            |       |     4 |     6 |     1 ||    11
       Potion            |       |     3 |     6 |     3 ||    12
Armor: Robe              |     1 |    15 |    32 |    25 ||    73
       Skin              |       |       |     9 |       ||     9
Dodge: Dodged            |    11 |    29 |    84 |    51 ||   175
Block: Other             |       |       |       |    15 ||    15
